 Dungeon Crawl Stone Soup version 0.30-a0-1043-g60ff8d5f49 (webtiles) character file.

Game seed: 6636203927692306414

7496 Maxmaps the Martial Artist (level 10, -4/79 HPs)
             Began as a Demonspawn Monk on Apr 10, 2023.
             Was an Initiate of Gozag.
             Slain by a komodo dragon (23 damage)
             ... on level 9 of the Dungeon.
             The game lasted 00:11:58 (7637 turns).

Maxmaps the Martial Artist (Demonspawn Monk)        Turns: 7637, Time: 00:11:59

Health: -4/79      AC: 16    Str: 12    XL:     10   Next: 95%
Magic:  10/10      EV: 11    Int: 15    God:    Gozag
Gold:   1041       SH:  5    Dex: 16    Spells: 9/9 levels left

rFire   . . .      SeeInvis .      - Unarmed
rCold   + . .      Faith    .    w - +0 buckler
rNeg    . . .      Spirit   .    n - +3 ring mail {rC+}
rPois   .          Reflect  .    u - +0 helmet
rElec   .          Rampage  .    c - +1 cloak
rCorr   .                        (no gloves)
Will    .....                    k - +0 pair of boots
Stlth   +                        t - amulet of regeneration
HPRegen 1.13/turn                (no ring)
MPRegen 0.12/turn                (no ring)

@: mighty, gold aura
A: claws 2, thin metallic scales 2, powered by pain 1
a: Renounce Religion, Potion Petition, Call Merchant, Bribe Branch


You were on level 9 of the Dungeon.
You worshipped Gozag.
Gozag was most pleased with you.
You visited 2 branches of the dungeon, and saw 10 of its levels.

You collected 1821 gold pieces.
You paid 780 gold pieces to Gozag.

Inventory:

Armour
 c - a +1 cloak (worn)
 k - a +0 pair of boots (worn)
 n - a +3 ring mail of cold resistance (worn)
 u - a +0 helmet (worn)
 w - a +0 buckler (worn)
Jewellery
 s - an amulet of magic regeneration
 t - an amulet of regeneration (around neck)
 x - a ring of flight
Wands
 a - a wand of paralysis (21)
 j - a wand of flame (1)
Scrolls
 e - a scroll of fog
 f - 3 scrolls of fear
 g - a scroll of vulnerability
 h - 3 scrolls of teleportation
 i - 4 scrolls of identify
 m - a scroll of enchant armour
Potions
 b - 2 potions of haste
 d - a potion of cancellation
 l - a potion of heal wounds
 o - 2 potions of degeneration
 p - 2 potions of curing
 r - a potion of flight
 v - 3 potions of brilliance


   Skills:
 + Level 7.5 Fighting
 - Level 5.0 Armour
 - Level 4.2 Dodging
 - Level 1.7 Stealth
 - Level 4.5 Shields
 - Level 12.1 Unarmed Combat


You had 9 spell levels left.
You didn't know any spells.
Your spell library contained the following spells:

 Spells                   Type           Power      Damage    Failure   Level
 Freeze                   Ice            0%         1d3       58%         1
 Frozen Ramparts          Ice            0%         1d1       91%         3
 Hailstorm                Conj/Ice       0%         3d3       91%         3
 Inner Flame              Hex/Fire       0%         N/A       91%         3
 Yara's Violent Unravell  Hex/Tmut       0%         3d3       100%        5
 Enfeeble                 Hex            0%         N/A       100%        7


Dungeon Overview and Level Annotations

Branches:
Dungeon (9/15)             Temple (1/1) D:6
   Lair: D:8-11         Orc: D:9-12

Altars:
Ashenzari
Dithmenos
Fedhas
Gozag
Hepliaklqana
Kikubaaqudgha
Nemelex Xobeh
Okawaru
Ru
Sif Muna
Vehumet
Wu Jian
Xom

Shops:
D:1 [   D:3 *   D:4 [


Innate Abilities, Weirdness & Mutations

You have very sharp fingernails.
You are mostly covered in thin metallic scales. (AC +3)
You sometimes gain a little power by taking damage.


Message History

The centaur warrior kicks you but does no damage.
You barely miss the centaur warrior.
The centaur warrior is lightly wounded.
You block the centaur warrior's attack. The centaur warrior barely misses you.
The komodo dragon bites you.
You claw the centaur warrior!
The centaur warrior is heavily wounded.
You block the centaur warrior's attack.
The centaur warrior kicks you but does no damage.
A howler monkey comes into view.
The centaur warrior barely misses you. The centaur warrior kicks you.
You barely miss the centaur warrior.
The centaur warrior is moderately wounded.
The howler monkey howls!
The komodo dragon bites you but does no damage.
The centaur warrior completely misses you.
The centaur warrior kicks you but does no damage.
You claw the centaur warrior!
The centaur warrior is heavily wounded.
The centaur warrior misses you. The centaur warrior kicks you.
The komodo dragon barely misses you.
You claw the centaur warrior!
The centaur warrior is almost dead.
The centaur warrior hits you!
The centaur warrior kicks you but does no damage.
The komodo dragon bites you! The centaur warrior hits you.
The centaur warrior misses you.
You are too injured to fight recklessly!
You scratch the centaur warrior.
The centaur warrior is almost dead.
The howler monkey barely misses you. The komodo dragon barely misses you.
The centaur warrior hits you.
* * * LOW HITPOINT WARNING * * *
The centaur warrior kicks you but does no damage.
You claw the centaur warrior!
You kill the centaur warrior!
The howler monkey hits you but does no damage.
The komodo dragon bites you!!
You die...
Your body crumbles into a pile of gold.

...O=. #..... #.....
..... # ... ..$
######.#########.###
.............l......
!.......$...@$...#
########...#.h......
###.$..........
#<)[)...###....
#####.......<..
#....###... #...>..#
. #.##.#.# #.# .#.#


You could see a komodo dragon and a howler monkey.

Vanquished Creatures
  Gastronok (D:8)
  A centaur warrior (D:9)
  2 two-headed ogres
  Pikel (D:8)
  A cyclops (D:9)
  Maurice (D:8)
  Prince Ribbit (D:6)
  Sigmund (D:2)
  A yak (D:9)
  A vampire mosquito (D:9)
  2 water moccasins
  3 orc warriors
  A sky beast (D:8)
  4 ice beasts
  A black bear (D:6)
  5 centaurs
  2 phantoms
  2 kobold brigands (D:7)
  Blork the orc (D:4)
  5 bullfrogs
  3 scorpions
  A killer bee (D:9)
  5 howler monkeys
  5 hounds
  A jelly (D:5)
  7 orc priests
  3 iguanas
  A sleepcap (D:8)
  8 orc wizards
  3 gnolls (D:5)
  8 adders
  3 shadow imps
  2 white imps
  4 worms
  3 dart slugs
  24 orcs
  8 ball pythons
  2 bats
  6 endoplasms
  9 giant cockroaches
  9 goblins
  10 hobgoblins
  4 jackals (D:1)
  4 quokkas
  6 frilled lizards
  16 kobolds
  5 rats
197 creatures vanquished.

Vanquished Creatures (others)
  3 plants (D:9)
3 creatures vanquished.

Grand Total: 200 creatures vanquished

Notes
Turn   | Place    | Note
-------+----------+-------------------------------------------
     0 | D:1      | Maxmaps the Demonspawn Monk began the quest for the Orb.
     0 | D:1      | Reached XP level 1. HP: 18/18 MP: 1/1
    16 | D:1      | Found a faded altar of an unknown god.
    31 | D:1      | Prayed at the altar of an unknown god.
    31 | D:1      | Became a worshipper of Gozag Ym Sagoz the Greedy
    93 | D:1      | Reached skill level 3 in Unarmed Combat
   168 | D:1      | Gained mutation: You are partially covered in thin metallic
                  | scales. (AC +2) [demonic ancestry]
   168 | D:1      | Reached XP level 2. HP: 15/24 MP: 2/2
   423 | D:1      | Found Notaesk's Armour Shoppe.
   468 | D:1      | Gained mutation: You have sharp fingernails. [demonic
                  | ancestry]
   468 | D:1      | Reached XP level 3. HP: 28/29 MP: 3/3
   951 | D:2      | Noticed Sigmund
  1184 | D:2      | Gained mutation: You sometimes gain a little power by
                  | taking damage. [demonic ancestry]
  1184 | D:2      | Reached XP level 4. HP: 29/35 MP: 4/4
  1426 | D:2      | Killed Sigmund
  1427 | D:2      | Reached skill level 5 in Unarmed Combat
  1427 | D:2      | Gained mutation: You have very sharp fingernails. [demonic
                  | ancestry]
  1427 | D:2      | Reached XP level 5. HP: 38/41 MP: 5/5
  1554 | D:3      | Found Kufot's Assorted Antiques.
  1748 | D:3      | Found a shadowy altar of Dithmenos.
  1896 | D:3      | Reached XP level 6. HP: 47/47 MP: 6/6
  2205 | D:4      | Noticed an ice beast
  2217 | D:4      | Killed an ice beast
  2538 | D:4      | Reached skill level 1 in Armour
  2684 | D:4      | Reached XP level 7. HP: 48/54 MP: 7/7
  2861 | D:4      | Found Jicoux's Antique Armour Emporium.
  3127 | D:4      | Noticed Blork the orc
  3137 | D:4      | Killed Blork the orc
  3252 | D:5      | Entered Level 5 of the Dungeon
  3529 | D:5      | Found a sacrificial altar of Ru.
  3550 | D:5      | Reached skill level 5 in Armour
  3690 | D:5      | Reached skill level 6 in Unarmed Combat
  3690 | D:5      | Gained mutation: You are mostly covered in thin metallic
                  | scales. (AC +3) [demonic ancestry]
  3690 | D:5      | Reached XP level 8. HP: 60/60 MP: 8/8
  3990 | D:5      | Reached skill level 7 in Unarmed Combat
  4370 | D:6      | Noticed Prince Ribbit
  4384 | D:6      | Killed Prince Ribbit
  4429 | D:6      | Reached skill level 8 in Unarmed Combat
  4863 | D:6      | Reached skill level 9 in Unarmed Combat
  4863 | D:6      | Reached XP level 9. HP: 65/65 MP: 9/9
  4922 | D:6      | Found a staircase to the Ecumenical Temple.
  5105 | Temple   | Entered the Ecumenical Temple
  6055 | D:7      | Reached skill level 10 in Unarmed Combat
  6662 | D:8      | Noticed a two-headed ogre
  6685 | D:8      | Killed a two-headed ogre
  6774 | D:8      | Noticed Maurice
  6783 | D:8      | Noticed Gastronok
  6801 | D:8      | Killed Gastronok
  6802 | D:8      | Reached skill level 11 in Unarmed Combat
  6802 | D:8      | Reached XP level 10. HP: 31/71 MP: 10/10
  6809 | D:8      | Killed Maurice
  6950 | D:8      | Noticed Pikel
  6971 | D:8      | Killed Pikel
  6972 | D:8      | Reached skill level 12 in Unarmed Combat
  6983 | D:8      | Found a shimmering altar of Xom.
  6988 | D:8      | Found an ancient bone altar of Kikubaaqudgha.
  7001 | D:8      | Found a hazy altar of Hepliaklqana.
  7004 | D:8      | Found a radiant altar of Vehumet.
  7494 | D:9      | Reached skill level 5 in Fighting
  7506 | D:9      | Noticed a cyclops
  7561 | D:9      | Killed a cyclops
  7596 | D:9      | Noticed a two-headed ogre
  7618 | D:9      | Killed a two-headed ogre
  7623 | D:9      | Noticed a centaur warrior
  7637 | D:9      | Killed a centaur warrior
  7637 | D:9      | Slain by a komodo dragon

Illustrated notes

Levels and vault maps discovered:
D:1:      dpeg_arrival_morbid_curiosity, layout_rooms, serial_shops, shop,
          basic_ecumenical_altar, minmay_split_cup_large
D:2:      layout_rooms, uniq_sigmund
D:3:      layout_basic, amcnicky_altar_gilded, serial_shops,
          nicolae_shop_statue_plus
D:4:      layout_loops_ring, serial_shops, nicolae_take_the_stairs,
          dreamdust_wishing_well, uniq_blork_the_orc
D:5:      kb_forest_paths, layout_cave_pools,
          nicolae_ru_great_annihilating_truth, columned_hall_lemuel,
          minivault_25
D:6:      layout_cave_pools, minmay_temple_entry_hall, uniq_prince_ribbit1
D:7:      layout_basic
D:8:      layout_loops_ring, minmay_overflow_temple_star_hex,
          minmay_fractal_squares_5, uniq_gastronok, uniq_pikel, uniq_maurice
D:9:      minmay_the_grid_3x3 [minmay_the_grid_empty,
          minmay_the_grid_minigrid_small_alt, minmay_the_grid_tree,
          minmay_the_grid_garden, minmay_the_grid_box_x, minmay_the_grid_expand,
          minmay_the_grid_empty, minmay_the_grid_slots,
          minmay_the_grid_prize_four_corners], layout_basic,
          nicolae_uskayaw_suspiria, marbit_many_paths, lemuel_round_altar,
          nicolae_qazlal_scattered_showers, gammafunk_temple_overflow_statue,
          uniq_erica
Temple:   kb_temple_of_zot

Skill      XL: |  1  2  3  4  5  6  7  8  9 10 |
---------------+-------------------------------+-----
Unarmed Combat | 3 5 6 9 11 12 | 12.1
Dodging        | 3 4 |  4.2
Fighting       | 4 7 |  7.5
Armour         | 2 5 |  5.0
Shields        | 4 |  4.5
Stealth        | |  1.7

Action                     |  1- 3 |  4- 6 |  7- 9 | 10-12 || total
---------------------------+-------+-------+-------+-------++-------
  Melee: Unarmed           |   182 |   144 |   383 |   119 ||   828
         Punch             |     5 |     2 |    12 |       ||    19
 Invoke: Potion Petition   |       |       |     1 |       ||     1
  Evoke: Wand              |       |       |     3 |       ||     3
    Use: Potion            |     2 |     3 |     4 |     1 ||    10
         Scroll            |       |       |    12 |     2 ||    14
   Stab: Sleeping          |     3 |     3 |     5 |       ||    11
         Distracted        |       |     1 |     2 |     1 ||     4
         Paralysed         |       |       |     2 |       ||     2
 Armour: Robe              |    50 |    15 |       |       ||    65
         Scale mail        |       |     8 |       |       ||     8
         Ring mail         |       |     3 |   159 |    40 ||   202
         Skin              |       |       |     8 |       ||     8
  Dodge: Dodged            |   167 |    76 |   199 |    49 ||   491
  Block: Buckler           |       |       |     6 |    16 ||    22

Table legend: (Time is in decaauts)
 A = Elapsed time spent in this place.
 B = Non-inter-level travel time spent in this place.
 C = Inter-level travel time spent in this place.
 D = Time resting spent in this place.
 E = Time spent auto-exploring this place.
 F = Levels seen in this place.
 G = Mean time per level.
                   A        B        C        D        E       F      G
               +--------+--------+--------+--------+--------+-----+--------+
         Total |   7553 |   7257 |    296 |    270 |   5097 |  10 |  755.3 |
       Dungeon |   7444 |   7165 |    279 |    270 |   5010 |   9 |  827.1 |
        Temple |    108 |     92 |     16 |      0 |     87 |   1 |  108.0 |
               +--------+--------+--------+--------+--------+-----+--------+

Top non-repeatable levels by time:
     D:7: 1327 daAuts
     D:5: 1069 daAuts
     D:4: 1057 daAuts
     D:8: 913 daAuts
     D:1: 895 daAuts
     D:3: 805 daAuts
     D:6: 776 daAuts
     D:2: 478 daAuts
     D:9: 120 daAuts
  Temple: 108 daAuts
